Sewer Rats vs Senators
Created - 11 février 2017 at 00:13
Goals
|
Sewer Rats |
1 |
1 |
0 |
2 |
Senators |
3 |
2 |
2 |
7 |
|
Shots
|
Sewer Rats |
18 |
11 |
7 |
36 |
Senators |
10 |
15 |
7 |
32 |
|
1st period
1. Senators , Jaden Schwartz 14 (Patrick Wey) at 0:51
2. Sewer Rats , Derek Dorsett 14 (Vojtech Polak, Jarred Tinordi) at 11:54
3. Senators , Gabriel Bourque 14 (Mark Olver) at 12:16
4. Senators , Jaden Schwartz 15 (Nick Bjugstad, Andy Hilbert) at 19:25
Penalties :
Logan Stephenson (BIN) for Boarding (Minor) at 4:36, Milan Jurcina (BIN) for Holding (Minor) at 9:34
2nd period
5. Sewer Rats , Jonathan Marchessault 13 (Vojtech Polak, Joel Edmundson) at 4:44
6. Senators , Cody Hodgson 27 (Sergei Kostitsyn) at 5:50
7. Senators , Sergei Kostitsyn 32 (Stanislav Chistov, Cody Hodgson) at 15:20
Penalties :
Milan Jurcina (BIN) for Delaying the game (Minor) at 16:21, Joel Edmundson (Tol) for Hooking (Minor) at 19:00
3rd period
8. Senators , Nick Bjugstad 6 (Matt Frattin, Jaden Schwartz) at 4:25
9. Senators , Nick Bjugstad 7 (Jaden Schwartz, Matt Frattin) at 7:10
Penalties :
Milan Jurcina (BIN) for Tripping (Minor) at 1:56, Ville Leino (Tol) for Holding (Minor) at 7:46, Ville Leino (Tol) for Roughing (Double Minor) at 10:52, Milan Jurcina (BIN) for Slashing (Minor) at 19:47
Goalie Stats
Brad Thiessen (Tol), 14 saves from 17 shots - (0,824), 34:10 minutes
Richard Bachman (Tol), 11 saves from 15 shots - (0,733), L, 15-17-1, 25:50 minutes
Jeff Frazee (BIN), 34 saves from 36 shots - (0,944), W, 5-10-0, 60:00 minutes
Players Stats for Sewer Rats
Player Name G A P +/- PIM S H SB GA TA FO MP PP MP PK MP
------------------------------------------------------------------------------------
Daniel Carr 0 0 0 0 0 0 0 0 0 0 3/4 2:56 0:00 2:48
Derek Dorsett 1 0 1 0 0 6 0 0 0 1 0/0 13:42 0:03 0:00
Evan Brophey 0 0 0 -1 0 0 2 0 0 0 1/4 6:06 0:00 0:00
Jared Boll 0 0 0 -3 0 0 0 0 3 0 0/0 15:18 3:36 0:00
Jarred Tinordi 0 1 1 0 0 0 0 0 0 0 0/0 10:09 0:00 0:18
Joel Edmundson 0 1 1 1 2 1 1 1 0 1 0/0 4:43 0:00 0:18
John Lammers 0 0 0 -1 0 0 2 0 0 0 0/1 7:33 0:00 1:27
Jonathan Marchessault 1 0 1 0 0 5 1 1 0 0 3/9 13:23 0:00 0:00
Kyle Quincey 0 0 0 -1 0 0 1 0 0 1 0/0 19:36 3:50 3:21
Kyle Turris 0 0 0 -3 0 3 3 0 1 0 6/15 15:27 3:36 0:09
Mark Mancari 0 0 0 -1 0 0 1 0 0 0 0/2 17:17 4:15 0:46
Matt Lashoff 0 0 0 -5 0 5 0 2 1 1 0/0 25:50 4:18 4:18
Mattias Ekholm 0 0 0 -1 0 0 2 1 0 1 0/0 19:36 3:50 3:21
Nick Cousins 0 0 0 0 0 0 0 0 0 0 0/0 0:00 0:00 0:00
Patrick Bordeleau 0 0 0 0 0 0 0 0 0 0 0/0 1:33 0:19 0:00
Peter Mueller 0 0 0 -1 0 1 3 0 3 0 7/26 21:08 4:27 4:26
Richard Jackman 0 0 0 -5 0 3 1 2 0 0 0/0 25:50 4:18 4:18
Ryan Murphy 0 0 0 1 0 0 0 0 0 0 0/0 4:25 0:00 0:00
Steven Kampfer 0 0 0 0 0 2 0 0 0 1 0/0 9:51 0:00 0:00
Tom Sestito 0 0 0 0 0 0 0 0 0 0 0/0 0:37 0:16 0:00
Ville Leino 0 0 0 -2 6 4 1 0 1 0 4/5 23:20 4:16 1:31
Vincent Trocheck 0 0 0 0 0 0 0 0 0 0 0/1 2:27 0:00 2:19
Vojtech Polak 0 2 2 0 0 5 2 0 0 0 0/0 13:23 0:00 0:00
William Karlsson 0 0 0 0 0 0 0 0 0 0 0/0 1:45 0:00 1:42
Zach Boychuk 0 0 0 -3 0 1 0 1 1 1 1/1 16:05 3:36 0:46
Players Stats for Senators
Player Name G A P +/- PIM S H SB GA TA FO MP PP MP PK MP
------------------------------------------------------------------------------------
Andy Hilbert 0 1 1 1 0 2 4 1 2 1 2/2 14:10 3:28 4:14
Cody Hodgson 1 1 2 2 0 2 1 1 0 0 19/28 21:55 3:55 2:33
Gabriel Bourque 1 0 1 1 0 2 1 0 1 0 0/1 13:57 0:34 0:55
Jack Skille 0 0 0 1 0 3 1 0 1 1 1/1 15:35 3:28 0:00
Jaden Schwartz 2 2 4 2 0 5 0 0 0 0 1/1 10:55 0:34 0:00
Jeff Petry 0 0 0 0 0 0 0 1 0 0 0/0 1:15 0:00 0:00
Josh Hennessy 0 0 0 0 0 2 0 0 0 0 4/4 8:59 3:28 0:00
Logan Stephenson 0 0 0 0 2 2 0 0 0 2 0/0 27:46 4:27 3:56
Mark Olver 0 1 1 1 0 2 1 0 0 0 10/17 13:50 0:00 1:31
Martin Marincin 0 0 0 4 0 0 4 3 0 1 0/0 25:21 3:08 1:58
Matt Frattin 0 2 2 2 0 2 1 1 1 0 0/0 10:21 0:00 0:00
Milan Jurcina 0 0 0 0 8 0 2 1 0 2 0/0 24:10 4:07 1:17
Nick Bjugstad 2 1 3 2 0 5 0 1 0 0 3/7 11:27 0:00 0:21
Nicolas Deslauriers 0 0 0 3 0 0 0 0 0 0 0/0 16:33 0:42 3:51
Patrick Wey 0 1 1 1 0 1 2 1 1 0 0/0 23:28 3:30 5:03
Sergei Kostitsyn 1 1 2 2 0 3 3 1 1 0 2/6 23:31 3:55 4:09
Stanislav Chistov 0 1 1 2 0 1 2 0 0 3 1/1 21:55 3:55 2:33
Tomas Jurco 0 0 0 1 0 0 2 0 0 0 0/0 6:39 0:34 0:11
3 Stars
1 - Jaden Schwartz (BIN)
2 - Nick Bjugstad (BIN)
3 - Sergei Kostitsyn (BIN)
Power Play
Sewer Rats - 0 on 5 Attempt(s) - 0,00%
Senators - 0 on 4 Attempt(s) - 0,00%
Penalty Kill
Sewer Rats - 4 on 4 Attempt(s) - 100,00%
- Score 0 goal in Penalty Kill
Senators - 5 on 5 Attempt(s) - 100,00%
- Score 0 goal in Penalty Kill
Team Stat
Sewer Rats - Hits : 20 - Faceoff Wins : 25 - Blocked Shots : 8 - Penalty Minutes : 8
Senators - Hits : 24 - Faceoff Wins : 43 - Blocked Shots : 11 - Penalty Minutes : 10
Official
Referees : Hebert Ghislain and Ciamaga Chris
Linesman : Brian Murphy and Pierre Racicot
Game Notes
Jeff Petry is injured at 4:27 of 1st period (Fractured Bone in Left Hand)
Brad Thiessen enters game at 5:50 of 2nd period
Finance
Level 1 -- Attendance: 1539 (76,95%) -- Ticket Income 43 092 $
Level 2 -- Attendance: 791 (79,10%) -- Ticket Income 7 910 $
Total Attendance: 2330 (77,67%)
Total Ticket Income: 51 002 $
Other Income: 2 550 $
Total Income: 53 552 $
Sewer Rats
5 vs 5 Forward
Center Left Wing Right Wing Time % Phy DF OF
1 Peter Mueller Ville Leino Mark Mancari 40 1 2 2
2 Kyle Turris Zach Boychuk Jared Boll 30 1 2 2
3 Jonathan Marchessault Vojtech Polak Derek Dorsett 20 1 2 2
4 Evan Brophey John Lammers Ville Leino 10 1 2 2
5 vs 5 Defense
Defense Defense Time % Phy DF OF
1 Richard Jackman Matt Lashoff 40 1 2 2
2 Mattias Ekholm Kyle Quincey 30 1 2 2
3 Steven Kampfer Jarred Tinordi 20 1 2 2
4 Joel Edmundson Ryan Murphy 10 1 2 2
PowerPlay Forward
Center Left Wing Right Wing Time % Phy DF OF
1 Peter Mueller Ville Leino Mark Mancari 60 1 2 2
2 Kyle Turris Zach Boychuk Jared Boll 40 1 2 2
PowerPlay Defense
Defense Defense Time % Phy DF OF
1 Richard Jackman Matt Lashoff 60 1 2 2
2 Mattias Ekholm Kyle Quincey 40 1 2 2
Penalty Kill 4 Players Forward
Center Wing Time % Phy DF OF
1 Ville Leino Peter Mueller 60 1 2 2
2 Mark Mancari Zach Boychuk 40 1 2 2
Penalty Kill 4 Players Defense
Defense Defense Time % Phy DF OF
1 Richard Jackman Matt Lashoff 60 1 2 2
2 Mattias Ekholm Kyle Quincey 40 1 2 2
Penalty Kill - 3 Players Forward
Forward Time % Phy DF OF
1 Ville Leino 60 1 2 2
2 Peter Mueller 40 1 2 2
Penalty Kill - 3 Players Defense
Defense Defense Time % Phy DF OF
1 Richard Jackman Matt Lashoff 60 1 2 2
2 Mattias Ekholm Kyle Quincey 40 1 2 2
4 vs 4 Forward
Center Wing Time % Phy DF OF
1 Ville Leino Peter Mueller 60 1 2 2
2 Mark Mancari Zach Boychuk 40 1 2 2
4 vs 4 Defense
Defense Defense Time % Phy DF OF
1 Richard Jackman Matt Lashoff 60 1 2 2
2 Mattias Ekholm Kyle Quincey 40 1 2 2
Last Minutes Offensive
Center Left Wing Right Wing Defense Defense
Peter Mueller Ville Leino Mark Mancari Richard Jackman Matt Lashoff
Last Minutes Defensive
Center Left Wing Right Wing Defense Defense
Peter Mueller Ville Leino Mark Mancari Richard Jackman Matt Lashoff
Goaltenders
Starting : Richard Bachman
Backup : Brad Thiessen
Extra Forwards
Normal : Patrick Bordeleau, Tom Sestito, Daniel Carr - PP : Patrick Bordeleau, Tom Sestito - PK : Daniel Carr
Extra Defensemen
Normal : Steven Kampfer, Jarred Tinordi, Joel Edmundson - PP : Steven Kampfer - PK : Jarred Tinordi, Joel Edmundson
Penalty Shots
Ville Leino, Peter Mueller, Mark Mancari, Zach Boychuk, Kyle Turris
Senators
5 vs 5 Forward
Center Left Wing Right Wing Time % Phy DF OF
1 Cody Hodgson Sergei Kostitsyn Stanislav Chistov 40 1 2 2
2 Mark Olver Gabriel Bourque Jack Skille 30 1 2 2
3 Nick Bjugstad Jaden Schwartz Matt Frattin 20 1 2 2
4 Josh Hennessy Andy Hilbert Tomas Jurco 10 1 2 2
5 vs 5 Defense
Defense Defense Time % Phy DF OF
1 Milan Jurcina Logan Stephenson 40 1 2 2
2 Patrick Wey Jeff Petry 30 1 2 2
3 Martin Marincin Nicolas Deslauriers 20 1 2 2
4 Milan Jurcina Logan Stephenson 10 1 2 2
PowerPlay Forward
Center Left Wing Right Wing Time % Phy DF OF
1 Cody Hodgson Sergei Kostitsyn Stanislav Chistov 60 0 1 3
2 Josh Hennessy Andy Hilbert Jack Skille 40 1 1 3
PowerPlay Defense
Defense Defense Time % Phy DF OF
1 Milan Jurcina Logan Stephenson 60 1 2 2
2 Patrick Wey Jeff Petry 40 1 2 2
Penalty Kill 4 Players Forward
Center Wing Time % Phy DF OF
1 Sergei Kostitsyn Andy Hilbert 60 1 2 2
2 Cody Hodgson Stanislav Chistov 40 1 2 2
Penalty Kill 4 Players Defense
Defense Defense Time % Phy DF OF
1 Milan Jurcina Logan Stephenson 60 1 2 2
2 Patrick Wey Jeff Petry 40 1 2 2
Penalty Kill - 3 Players Forward
Forward Time % Phy DF OF
1 Sergei Kostitsyn 60 1 2 2
2 Andy Hilbert 40 1 2 2
Penalty Kill - 3 Players Defense
Defense Defense Time % Phy DF OF
1 Milan Jurcina Logan Stephenson 60 1 2 2
2 Patrick Wey Jeff Petry 40 1 2 2
4 vs 4 Forward
Center Wing Time % Phy DF OF
1 Sergei Kostitsyn Andy Hilbert 60 1 2 2
2 Cody Hodgson Stanislav Chistov 40 1 2 2
4 vs 4 Defense
Defense Defense Time % Phy DF OF
1 Milan Jurcina Logan Stephenson 60 1 2 2
2 Patrick Wey Jeff Petry 40 1 2 2
Last Minutes Offensive
Center Left Wing Right Wing Defense Defense
Cody Hodgson Sergei Kostitsyn Stanislav Chistov Milan Jurcina Logan Stephenson
Last Minutes Defensive
Center Left Wing Right Wing Defense Defense
Cody Hodgson Sergei Kostitsyn Stanislav Chistov Milan Jurcina Logan Stephenson
Goaltenders
Starting : Jeff Frazee
Backup : Marc Denis
Extra Forwards
Normal : Gabriel Bourque, Jaden Schwartz, Mark Olver - PP : Gabriel Bourque, Jaden Schwartz - PK : Mark Olver
Extra Defensemen
Normal : Martin Marincin, Jeff Petry, Patrick Wey - PP : Martin Marincin - PK : Jeff Petry, Patrick Wey
Penalty Shots
Sergei Kostitsyn, Andy Hilbert, Cody Hodgson, Stanislav Chistov, Josh Hennessy
% Time on Ice - Sewer Rats
Lines # - Real PCT - Wanted PCT - Time Play
Normal Forward
1 - 29% - 40% - 12:43
2 - 27% - 30% - 11:43
3 - 30% - 20% - 13:23
4 - 14% - 10% - 6:06
Normal Defense
1 - 39% - 40% - 17:14
2 - 28% - 30% - 12:25
3 - 22% - 20% - 9:51
4 - 10% - 10% - 4:25
PP Forward
1 - 56% - 60% - 4:32
2 - 44% - 40% - 3:36
PP Defense
1 - 53% - 60% - 4:18
2 - 47% - 40% - 3:50
PK Forward
1 - 90% - 60% - 7:11
2 - 10% - 40% - 0:46
PK Defense
1 - 58% - 60% - 4:36
2 - 42% - 40% - 3:21
PK3 Forward
1 - 0% - 60%
2 - 0% - 40%
PK3 Defense
1 - 0% - 60%
2 - 0% - 40%
44 Forward
1 - 0% - 60%
2 - 0% - 40%
44 Defense
1 - 0% - 60%
2 - 0% - 40%
Last Minute Offensive - 0:00
Last Minute Defensive - 0:00
Total
Forward - 60:00
Defense - 60:00
|
% Time on Ice - Senators
Lines # - Real PCT - Wanted PCT - Time Play
Normal Forward
1 - 37% - 40% - 16:03
2 - 28% - 30% - 12:07
3 - 24% - 20% - 10:21
4 - 12% - 10% - 5:24
Normal Defense
1 - 40% - 40% - 17:33
2 - 38% - 30% - 16:36
3 - 18% - 20% - 8:07
4 - 4% - 10% - 1:39
PP Forward
1 - 56% - 60% - 4:29
2 - 44% - 40% - 3:28
PP Defense
1 - 52% - 60% - 4:07
2 - 48% - 40% - 3:50
PK Forward
1 - 69% - 60% - 5:35
2 - 31% - 40% - 2:33
PK Defense
1 - 78% - 60% - 6:21
2 - 22% - 40% - 1:47
PK3 Forward
1 - 0% - 60%
2 - 0% - 40%
PK3 Defense
1 - 0% - 60%
2 - 0% - 40%
44 Forward
1 - 0% - 60%
2 - 0% - 40%
44 Defense
1 - 0% - 60%
2 - 0% - 40%
Last Minute Offensive - 0:00
Last Minute Defensive - 0:00
Total
Forward - 60:00
Defense - 60:00
|
Play by Play
1st period
0:01 of 1st period - Peter Mueller wins face-off versus Cody Hodgson in neutral zone.
0:26 of 1st period - Kyle Turris is hit by Mark Olver and loses puck.
0:33 of 1st period - Snap shot by Mark Olver.
0:33 of 1st period - Stopped by Richard Bachman with a rebound.
0:49 of 1st period - Snap shot by Jaden Schwartz.
0:49 of 1st period - Shot Blocked by Matt Lashoff.
0:51 of 1st period - Slapshot by Jaden Schwartz.
0:51 of 1st period - Goal by Jaden Schwartz - Sewer Rats : 0 - Senators : 1.
0:52 of 1st period - Josh Hennessy wins face-off versus John Lammers in neutral zone.
1:01 of 1st period - Snap shot by Josh Hennessy.
1:01 of 1st period - Stopped by Richard Bachman with a rebound.
1:03 of 1st period - Slapshot by Andy Hilbert.
1:03 of 1st period - Stopped by Richard Bachman without a rebound.
1:04 of 1st period - Cody Hodgson wins face-off versus Peter Mueller in Sewer Rats zone.
1:53 of 1st period - Wrist shot by Peter Mueller.
1:53 of 1st period - Shot Blocked by Milan Jurcina.
1:55 of 1st period - Slapshot by Joel Edmundson.
1:55 of 1st period - Stopped by Jeff Frazee without a rebound.
1:56 of 1st period - Nick Bjugstad wins face-off versus Kyle Turris in Senators zone.
2:28 of 1st period - Sergei Kostitsyn is hit by Joel Edmundson and loses puck.
2:41 of 1st period - Martin Marincin is hit by Evan Brophey and loses puck.
3:01 of 1st period - Kyle Quincey is hit by Martin Marincin.
3:12 of 1st period - Snap shot by Gabriel Bourque.
3:12 of 1st period - Stopped by Richard Bachman with a rebound.
3:14 of 1st period - Slapshot by Martin Marincin.
3:14 of 1st period - Shot Blocked by Richard Jackman.
3:31 of 1st period - Backhand shot by Vojtech Polak.
3:31 of 1st period - Stopped by Jeff Frazee with a rebound.
3:33 of 1st period - Snap shot by Vojtech Polak.
3:33 of 1st period - Stopped by Jeff Frazee without a rebound.
3:34 of 1st period - Cody Hodgson wins face-off versus Jonathan Marchessault in Senators zone.
4:19 of 1st period - Slapshot by Peter Mueller.
4:19 of 1st period - Deflect By Zach Boychuk.
4:19 of 1st period - Shot Misses the Net.
4:19 of 1st period - Puck is out of play.
4:20 of 1st period - Kyle Turris wins face-off versus Nick Bjugstad in Senators zone.
4:27 of 1st period - Wrist shot by Jared Boll.
4:27 of 1st period - Shot Blocked by Jeff Petry.
4:27 of 1st period - Jeff Petry from Senators is injured at 4:27 of 1st period (Fractured Bone in Left Hand).
4:28 of 1st period - Ville Leino wins face-off versus Sergei Kostitsyn in Senators zone.
4:29 of 1st period - Wrist shot by Peter Mueller.
4:29 of 1st period - Shot Blocked by Cody Hodgson.
4:31 of 1st period - Snap shot by Ville Leino.
4:31 of 1st period - Stopped by Jeff Frazee with a rebound.
4:33 of 1st period - Snap shot by Richard Jackman.
4:33 of 1st period - Stopped by Jeff Frazee without a rebound.
4:34 of 1st period - Cody Hodgson wins face-off versus Peter Mueller in Senators zone.
4:36 of 1st period - Minor Penalty to Logan Stephenson for Boarding.
4:37 of 1st period - Andy Hilbert wins face-off versus Peter Mueller in Senators zone.
4:37 of 1st period - Andy Hilbert is hit by Peter Mueller.
6:24 of 1st period - Richard Jackman is hit by Andy Hilbert and loses puck.
6:36 of 1st period - Penalty to Logan Stephenson is over, Logan Stephenson is back on ice.
6:41 of 1st period - Off-side.
6:42 of 1st period - Mark Olver wins face-off versus Jonathan Marchessault in neutral zone.
6:58 of 1st period - Wrist shot by Jack Skille.
6:58 of 1st period - Stopped by Richard Bachman with a rebound.
7:26 of 1st period - Kyle Quincey is hit by Patrick Wey and loses puck.
7:35 of 1st period - Slapshot by Jaden Schwartz.
7:35 of 1st period - Shot Misses the Net.
7:45 of 1st period - Kyle Quincey is hit by Tomas Jurco and loses puck.
8:01 of 1st period - Off-side.
8:02 of 1st period - Mark Olver wins face-off versus Jonathan Marchessault in neutral zone.
8:10 of 1st period - Icing by Richard Jackman.
8:11 of 1st period - Cody Hodgson wins face-off versus Jonathan Marchessault in Sewer Rats zone.
8:31 of 1st period - Snap shot by Vojtech Polak.
8:31 of 1st period - Stopped by Jeff Frazee without a rebound.
8:32 of 1st period - Mark Olver wins face-off versus Peter Mueller in Senators zone.
8:57 of 1st period - Jared Boll is hit by Martin Marincin.
9:01 of 1st period - Wrist shot by Zach Boychuk.
9:01 of 1st period - Stopped by Jeff Frazee without a rebound.
9:02 of 1st period - Kyle Turris wins face-off versus Cody Hodgson in Senators zone.
9:05 of 1st period - Snap shot by Kyle Turris.
9:05 of 1st period - Stopped by Jeff Frazee without a rebound.
9:06 of 1st period - Cody Hodgson wins face-off versus Kyle Turris in Senators zone.
9:34 of 1st period - Minor Penalty to Milan Jurcina for Holding.
9:35 of 1st period - Sergei Kostitsyn wins face-off versus Peter Mueller in Senators zone.
11:21 of 1st period - Cody Hodgson is hit by Peter Mueller and loses puck.
11:34 of 1st period - Penalty to Milan Jurcina is over, Milan Jurcina is back on ice.
11:54 of 1st period - Snap shot by Derek Dorsett.
11:54 of 1st period - Goal by Derek Dorsett - Sewer Rats : 1 - Senators : 1.
11:55 of 1st period - Cody Hodgson wins face-off versus Kyle Turris in neutral zone.
12:10 of 1st period - Icing by Jared Boll.
12:11 of 1st period - Mark Olver wins face-off versus Kyle Turris in Sewer Rats zone.
12:14 of 1st period - Wrist shot by Mark Olver.
12:14 of 1st period - Shot Misses the Net.
12:16 of 1st period - Snap shot by Gabriel Bourque.
12:16 of 1st period - Goal by Gabriel Bourque - Sewer Rats : 1 - Senators : 2.
12:17 of 1st period - Cody Hodgson wins face-off versus Peter Mueller in neutral zone.
13:09 of 1st period - Matt Frattin is hit by Jonathan Marchessault and loses puck.
13:26 of 1st period - Andy Hilbert is hit by Peter Mueller and loses puck.
13:57 of 1st period - Snap shot by Gabriel Bourque.
13:57 of 1st period - Shot Misses the Net.
14:11 of 1st period - Slapshot by Vojtech Polak.
14:11 of 1st period - Stopped by Jeff Frazee without a rebound.
14:12 of 1st period - Jonathan Marchessault wins face-off versus Cody Hodgson in Senators zone.
14:27 of 1st period - Wrist shot by Vojtech Polak.
14:27 of 1st period - Shot Blocked by Martin Marincin.
14:29 of 1st period - Snap shot by Richard Jackman.
14:29 of 1st period - Shot Misses the Net.
14:31 of 1st period - Snap shot by Matt Lashoff.
14:31 of 1st period - Deflect By Sergei Kostitsyn.
14:31 of 1st period - Stopped by Jeff Frazee with a rebound.
15:18 of 1st period - Snap shot by Jonathan Marchessault.
15:18 of 1st period - Shot Misses the Net.
15:28 of 1st period - Slapshot by Derek Dorsett.
15:28 of 1st period - Stopped by Jeff Frazee with a rebound.
15:36 of 1st period - Snap shot by Sergei Kostitsyn.
15:36 of 1st period - Shot Misses the Net.
15:44 of 1st period - Snap shot by Steven Kampfer.
15:44 of 1st period - Shot Misses the Net.
16:00 of 1st period - Wrist shot by Jonathan Marchessault.
16:00 of 1st period - Stopped by Jeff Frazee with a rebound.
16:02 of 1st period - Slapshot by Vojtech Polak.
16:02 of 1st period - Shot Misses the Net.
16:04 of 1st period - Snap shot by Jonathan Marchessault.
16:04 of 1st period - Shot Misses the Net.
16:18 of 1st period - Snap shot by Derek Dorsett.
16:18 of 1st period - Shot Misses the Net.
16:20 of 1st period - Wrist shot by Derek Dorsett.
16:20 of 1st period - Stopped by Jeff Frazee with a rebound.
16:22 of 1st period - Slapshot by Steven Kampfer.
16:22 of 1st period - Stopped by Jeff Frazee with a rebound.
16:24 of 1st period - Slapshot by Steven Kampfer.
16:24 of 1st period - Stopped by Jeff Frazee with a rebound.
17:07 of 1st period - Slapshot by Vojtech Polak.
17:07 of 1st period - Stopped by Jeff Frazee with a rebound.
17:09 of 1st period - Slapshot by Steven Kampfer.
17:09 of 1st period - Shot Blocked by Sergei Kostitsyn.
17:30 of 1st period - Off-side.
17:31 of 1st period - Mark Olver wins face-off versus Peter Mueller in neutral zone.
18:08 of 1st period - Wrist shot by Jared Boll.
18:08 of 1st period - Deflect By Kyle Turris.
18:08 of 1st period - Stopped by Jeff Frazee with a rebound.
18:22 of 1st period - Mattias Ekholm is hit by Andy Hilbert and loses puck.
18:26 of 1st period - Icing by Mattias Ekholm.
18:27 of 1st period - Evan Brophey wins face-off versus Mark Olver in Sewer Rats zone.
18:32 of 1st period - Backhand shot by John Lammers.
18:32 of 1st period - Shot Misses the Net.
18:40 of 1st period - Mattias Ekholm is hit by Milan Jurcina and loses puck.
19:12 of 1st period - Icing by Jaden Schwartz.
19:13 of 1st period - Zach Boychuk wins face-off versus Nick Bjugstad in Senators zone.
19:25 of 1st period - Wrist shot by Jaden Schwartz.
19:25 of 1st period - Goal by Jaden Schwartz - Sewer Rats : 1 - Senators : 3.
19:26 of 1st period - Kyle Turris wins face-off versus Mark Olver in neutral zone.
19:34 of 1st period - Slapshot by Logan Stephenson.
19:34 of 1st period - Stopped by Richard Bachman without a rebound.
19:35 of 1st period - Mark Olver wins face-off versus Kyle Turris in Sewer Rats zone.
19:42 of 1st period - Slapshot by Jack Skille.
19:42 of 1st period - Stopped by Richard Bachman with a rebound.
19:44 of 1st period - Snap shot by Logan Stephenson.
19:44 of 1st period - Shot Misses the Net.
19:46 of 1st period - Slapshot by Milan Jurcina.
19:46 of 1st period - Deflect By Gabriel Bourque.
19:46 of 1st period - Shot Misses the Net.
19:46 of 1st period - Puck is out of play.
19:47 of 1st period - Peter Mueller wins face-off versus Mark Olver in Sewer Rats zone.
Goals for this period are 1 for Sewer Rats vs 3 for Senators.
Shots for this period are 18 for Sewer Rats vs 10 for Senators.
2nd period
0:01 of 2nd period - Mark Olver wins face-off versus Peter Mueller in neutral zone.
0:06 of 2nd period - Snap shot by Mark Olver.
0:06 of 2nd period - Deflect By Gabriel Bourque.
0:06 of 2nd period - Shot Blocked by Richard Jackman.
0:06 of 2nd period - Puck is out of play.
0:07 of 2nd period - Ville Leino wins face-off versus Mark Olver in Sewer Rats zone.
0:38 of 2nd period - Slapshot by Kyle Turris.
0:38 of 2nd period - Shot Misses the Net.
0:54 of 2nd period - Wrist shot by Ville Leino.
0:54 of 2nd period - Deflect By John Lammers.
0:54 of 2nd period - Shot Blocked by Matt Frattin.
0:54 of 2nd period - Puck is out of play.
0:55 of 2nd period - Jaden Schwartz wins face-off versus Evan Brophey in Senators zone.
1:06 of 2nd period - Snap shot by Jaden Schwartz.
1:06 of 2nd period - Stopped by Richard Bachman with a rebound.
1:54 of 2nd period - Cody Hodgson is hit by Vojtech Polak and loses puck.
1:59 of 2nd period - Snap shot by Jonathan Marchessault.
1:59 of 2nd period - Stopped by Jeff Frazee without a rebound.
2:00 of 2nd period - Mark Olver wins face-off versus Jonathan Marchessault in Senators zone.
2:00 of 2nd period - Mark Olver is hit by Richard Jackman.
2:08 of 2nd period - Slapshot by Richard Jackman.
2:08 of 2nd period - Stopped by Jeff Frazee with a rebound.
2:10 of 2nd period - Snap shot by Jonathan Marchessault.
2:10 of 2nd period - Stopped by Jeff Frazee with a rebound.
2:14 of 2nd period - Slapshot by Derek Dorsett.
2:14 of 2nd period - Shot Blocked by Martin Marincin.
2:16 of 2nd period - Slapshot by Matt Lashoff.
2:16 of 2nd period - Stopped by Jeff Frazee without a rebound.
2:17 of 2nd period - Cody Hodgson wins face-off versus Mark Mancari in Senators zone.
2:24 of 2nd period - Snap shot by Sergei Kostitsyn.
2:24 of 2nd period - Deflect By Cody Hodgson.
2:24 of 2nd period - Stopped by Richard Bachman without a rebound.
2:25 of 2nd period - Peter Mueller wins face-off versus Cody Hodgson in Sewer Rats zone.
3:17 of 2nd period - Snap shot by Jaden Schwartz.
3:17 of 2nd period - Shot Misses the Net.
3:19 of 2nd period - Slapshot by Nicolas Deslauriers.
3:19 of 2nd period - Shot Blocked by Jonathan Marchessault.
3:21 of 2nd period - Snap shot by Nick Bjugstad.
3:21 of 2nd period - Shot Blocked by Mattias Ekholm.
4:19 of 2nd period - Mark Olver is hit by John Lammers and loses puck.
4:26 of 2nd period - Slapshot by Logan Stephenson.
4:26 of 2nd period - Shot Misses the Net.
4:42 of 2nd period - Backhand shot by Jonathan Marchessault.
4:42 of 2nd period - Shot Misses the Net.
4:44 of 2nd period - Wrist shot by Jonathan Marchessault.
4:44 of 2nd period - Goal by Jonathan Marchessault - Sewer Rats : 2 - Senators : 3.
4:45 of 2nd period - Cody Hodgson wins face-off versus Peter Mueller in neutral zone.
5:16 of 2nd period - Jack Skille is hit by Kyle Turris.
5:40 of 2nd period - Wrist shot by Nick Bjugstad.
5:40 of 2nd period - Stopped by Richard Bachman with a rebound.
5:42 of 2nd period - Slapshot by Patrick Wey.
5:42 of 2nd period - Stopped by Richard Bachman without a rebound.
5:43 of 2nd period - Cody Hodgson wins face-off versus Peter Mueller in Sewer Rats zone.
5:50 of 2nd period - Slapshot by Cody Hodgson.
5:50 of 2nd period - Goal by Cody Hodgson - Sewer Rats : 2 - Senators : 4.
5:50 of 2nd period - Brad Thiessen enters game.
5:51 of 2nd period - Peter Mueller wins face-off versus Mark Olver in neutral zone.
7:05 of 2nd period - Wrist shot by Derek Dorsett.
7:05 of 2nd period - Stopped by Jeff Frazee with a rebound.
7:07 of 2nd period - Backhand shot by Richard Jackman.
7:07 of 2nd period - Stopped by Jeff Frazee with a rebound.
7:09 of 2nd period - Wrist shot by Derek Dorsett.
7:09 of 2nd period - Stopped by Jeff Frazee with a rebound.
7:11 of 2nd period - Wrist shot by Derek Dorsett.
7:11 of 2nd period - Stopped by Jeff Frazee with a rebound.
7:18 of 2nd period - Icing by Jaden Schwartz.
7:19 of 2nd period - Kyle Turris wins face-off versus Nick Bjugstad in Senators zone.
7:31 of 2nd period - Off-side.
7:32 of 2nd period - Cody Hodgson wins face-off versus Peter Mueller in neutral zone.
8:18 of 2nd period - Derek Dorsett is hit by Milan Jurcina and loses puck.
9:03 of 2nd period - Snap shot by Stanislav Chistov.
9:03 of 2nd period - Shot Blocked by Joel Edmundson.
9:05 of 2nd period - Snap shot by Stanislav Chistov.
9:05 of 2nd period - Shot Misses the Net.
9:27 of 2nd period - Wrist shot by Vojtech Polak.
9:27 of 2nd period - Shot Misses the Net.
9:29 of 2nd period - Snap shot by Jonathan Marchessault.
9:29 of 2nd period - Shot Blocked by Patrick Wey.
9:41 of 2nd period - Wrist shot by Jaden Schwartz.
9:41 of 2nd period - Stopped by Brad Thiessen with a rebound.
9:43 of 2nd period - Snap shot by Matt Frattin.
9:43 of 2nd period - Shot Misses the Net.
9:45 of 2nd period - Backhand shot by Patrick Wey.
9:45 of 2nd period - Shot Misses the Net.
9:47 of 2nd period - Slapshot by Nick Bjugstad.
9:47 of 2nd period - Stopped by Brad Thiessen with a rebound.
9:51 of 2nd period - Snap shot by Jaden Schwartz.
9:51 of 2nd period - Shot Misses the Net.
10:06 of 2nd period - Peter Mueller is hit by Andy Hilbert and loses puck.
10:19 of 2nd period - Slapshot by Derek Dorsett.
10:19 of 2nd period - Shot Misses the Net.
11:18 of 2nd period - Slapshot by Matt Lashoff.
11:18 of 2nd period - Stopped by Jeff Frazee without a rebound.
11:19 of 2nd period - Josh Hennessy wins face-off versus Evan Brophey in Senators zone.
11:29 of 2nd period - Slapshot by Richard Jackman.
11:29 of 2nd period - Shot Blocked by Andy Hilbert.
11:37 of 2nd period - Matt Lashoff is hit by Tomas Jurco and loses puck.
11:44 of 2nd period - Snap shot by Josh Hennessy.
11:44 of 2nd period - Stopped by Brad Thiessen with a rebound.
11:46 of 2nd period - Slapshot by Patrick Wey.
11:46 of 2nd period - Deflect By Andy Hilbert.
11:46 of 2nd period - Stopped by Brad Thiessen without a rebound.
11:47 of 2nd period - Cody Hodgson wins face-off versus Peter Mueller in Sewer Rats zone.
11:48 of 2nd period - Wrist shot by Sergei Kostitsyn.
11:48 of 2nd period - Stopped by Brad Thiessen with a rebound.
12:36 of 2nd period - Snap shot by Jonathan Marchessault.
12:36 of 2nd period - Stopped by Jeff Frazee with a rebound.
12:46 of 2nd period - Vojtech Polak is hit by Andy Hilbert and loses puck.
13:28 of 2nd period - Slapshot by Logan Stephenson.
13:28 of 2nd period - Stopped by Brad Thiessen without a rebound.
13:29 of 2nd period - Peter Mueller wins face-off versus Gabriel Bourque in Sewer Rats zone.
14:58 of 2nd period - Snap shot by Gabriel Bourque.
14:58 of 2nd period - Shot Hit the Post.
15:14 of 2nd period - Slapshot by Stanislav Chistov.
15:14 of 2nd period - Shot Misses the Net.
15:16 of 2nd period - Wrist shot by Stanislav Chistov.
15:16 of 2nd period - Stopped by Brad Thiessen with a rebound.
15:18 of 2nd period - Slapshot by Sergei Kostitsyn.
15:18 of 2nd period - Shot Blocked by Zach Boychuk.
15:20 of 2nd period - Snap shot by Sergei Kostitsyn.
15:20 of 2nd period - Goal by Sergei Kostitsyn - Sewer Rats : 2 - Senators : 5.
15:21 of 2nd period - Cody Hodgson wins face-off versus Peter Mueller in neutral zone.
15:52 of 2nd period - Wrist shot by Mark Olver.
15:52 of 2nd period - Stopped by Brad Thiessen with a rebound.
16:08 of 2nd period - Icing by Jonathan Marchessault.
16:09 of 2nd period - Jonathan Marchessault wins face-off versus Nick Bjugstad in Sewer Rats zone.
16:21 of 2nd period - Minor Penalty to Milan Jurcina for Delaying the game.
16:22 of 2nd period - Sergei Kostitsyn wins face-off versus Peter Mueller in Senators zone.
17:33 of 2nd period - Logan Stephenson is hit by Mattias Ekholm and loses puck.
18:21 of 2nd period - Penalty to Milan Jurcina is over, Milan Jurcina is back on ice.
18:51 of 2nd period - Wrist shot by Ville Leino.
18:51 of 2nd period - Deflect By John Lammers.
18:51 of 2nd period - Shot Misses the Net.
18:51 of 2nd period - Puck is out of play.
18:52 of 2nd period - Ville Leino wins face-off versus Mark Olver in Senators zone.
19:00 of 2nd period - Minor Penalty to Joel Edmundson for Hooking.
19:01 of 2nd period - Stanislav Chistov wins face-off versus Ville Leino in Sewer Rats zone.
19:34 of 2nd period - Snap shot by Jack Skille.
19:34 of 2nd period - Stopped by Brad Thiessen with a rebound.
19:36 of 2nd period - Slapshot by Patrick Wey.
19:36 of 2nd period - Shot Blocked by Matt Lashoff.
Goals for this period are 1 for Sewer Rats vs 2 for Senators.
Shots for this period are 11 for Sewer Rats vs 15 for Senators.
3rd period
0:01 of 3rd period - Ville Leino wins face-off versus Cody Hodgson in neutral zone.
0:50 of 3rd period - Ville Leino is hit by Jack Skille and loses puck.
1:00 of 3rd period - Penalty to Joel Edmundson is over, Joel Edmundson is back on ice.
1:00 of 3rd period - Off-side.
1:01 of 3rd period - Kyle Turris wins face-off versus Cody Hodgson in neutral zone.
1:04 of 3rd period - Slapshot by Matt Lashoff.
1:04 of 3rd period - Shot Misses the Net.
1:22 of 3rd period - Richard Jackman is hit by Martin Marincin and loses puck.
1:27 of 3rd period - Wrist shot by Jaden Schwartz.
1:27 of 3rd period - Stopped by Brad Thiessen without a rebound.
1:28 of 3rd period - Mark Olver wins face-off versus Jonathan Marchessault in Sewer Rats zone.
1:40 of 3rd period - Off-side.
1:41 of 3rd period - Cody Hodgson wins face-off versus Mark Mancari in neutral zone.
1:48 of 3rd period - Peter Mueller is hit by Cody Hodgson and loses puck.
1:56 of 3rd period - Minor Penalty to Milan Jurcina for Tripping.
1:57 of 3rd period - Andy Hilbert wins face-off versus Peter Mueller in Senators zone.
3:37 of 3rd period - Jared Boll is hit by Sergei Kostitsyn and loses puck.
3:56 of 3rd period - Penalty to Milan Jurcina is over, Milan Jurcina is back on ice.
4:25 of 3rd period - Wrist shot by Nick Bjugstad.
4:25 of 3rd period - Goal by Nick Bjugstad - Sewer Rats : 2 - Senators : 6.
4:26 of 3rd period - Cody Hodgson wins face-off versus Peter Mueller in neutral zone.
5:02 of 3rd period - Derek Dorsett is hit by Gabriel Bourque and loses puck.
5:20 of 3rd period - Zach Boychuk is hit by Matt Frattin and loses puck.
5:38 of 3rd period - Off-side.
5:39 of 3rd period - Josh Hennessy wins face-off versus Peter Mueller in neutral zone.
6:06 of 3rd period - Josh Hennessy is hit by Ville Leino and loses puck.
6:13 of 3rd period - Slapshot by Ville Leino.
6:13 of 3rd period - Stopped by Jeff Frazee with a rebound.
6:15 of 3rd period - Snap shot by Ville Leino.
6:15 of 3rd period - Stopped by Jeff Frazee without a rebound.
6:16 of 3rd period - Cody Hodgson wins face-off versus Kyle Turris in Senators zone.
6:16 of 3rd period - Cody Hodgson is hit by Kyle Quincey.
6:45 of 3rd period - Mark Olver is hit by Vojtech Polak and loses puck.
6:52 of 3rd period - Snap shot by Derek Dorsett.
6:52 of 3rd period - Shot Blocked by Martin Marincin.
7:08 of 3rd period - Wrist shot by Nick Bjugstad.
7:08 of 3rd period - Shot Misses the Net.
7:10 of 3rd period - Snap shot by Nick Bjugstad.
7:10 of 3rd period - Goal by Nick Bjugstad - Sewer Rats : 2 - Senators : 7.
7:11 of 3rd period - Peter Mueller wins face-off versus Sergei Kostitsyn in neutral zone.
7:24 of 3rd period - Wrist shot by Ville Leino.
7:24 of 3rd period - Stopped by Jeff Frazee without a rebound.
7:25 of 3rd period - Jack Skille wins face-off versus Peter Mueller in Senators zone.
7:46 of 3rd period - Minor Penalty to Ville Leino for Holding.
7:47 of 3rd period - Cody Hodgson wins face-off versus Daniel Carr in Sewer Rats zone.
7:48 of 3rd period - Slapshot by Sergei Kostitsyn.
7:48 of 3rd period - Stopped by Brad Thiessen without a rebound.
7:49 of 3rd period - Daniel Carr wins face-off versus Cody Hodgson in Sewer Rats zone.
7:54 of 3rd period - Slapshot by Matt Lashoff.
7:54 of 3rd period - Stopped by Jeff Frazee without a rebound.
7:55 of 3rd period - Daniel Carr wins face-off versus Sergei Kostitsyn in Senators zone.
8:45 of 3rd period - Sergei Kostitsyn is hit by John Lammers and loses puck.
9:46 of 3rd period - Penalty to Ville Leino is over, Ville Leino is back on ice.
10:04 of 3rd period - Snap shot by Kyle Turris.
10:04 of 3rd period - Stopped by Jeff Frazee without a rebound.
10:05 of 3rd period - Mark Olver wins face-off versus Evan Brophey in Senators zone.
10:05 of 3rd period - Mark Olver is hit by Evan Brophey.
10:25 of 3rd period - Steven Kampfer is hit by Patrick Wey and loses puck.
10:35 of 3rd period - Icing by Patrick Wey.
10:36 of 3rd period - Nick Bjugstad wins face-off versus Kyle Turris in Senators zone.
10:36 of 3rd period - Nick Bjugstad is hit by Kyle Turris.
10:45 of 3rd period - Off-side.
10:46 of 3rd period - Cody Hodgson wins face-off versus Peter Mueller in neutral zone.
10:52 of 3rd period - Double Minor Penalty to Ville Leino for Roughing.
10:53 of 3rd period - Daniel Carr wins face-off versus Cody Hodgson in Sewer Rats zone.
12:02 of 3rd period - Vincent Trocheck is hit by Sergei Kostitsyn and loses puck.
13:02 of 3rd period - Gabriel Bourque is hit by Mark Mancari and loses puck.
14:00 of 3rd period - Icing by Jack Skille.
14:01 of 3rd period - Josh Hennessy wins face-off versus Vincent Trocheck in Senators zone.
14:52 of 3rd period - Penalty to Ville Leino is over, Ville Leino is back on ice.
15:02 of 3rd period - Icing by Matt Lashoff.
15:03 of 3rd period - Nick Bjugstad wins face-off versus Kyle Turris in Sewer Rats zone.
15:10 of 3rd period - Snap shot by Matt Frattin.
15:10 of 3rd period - Stopped by Brad Thiessen with a rebound.
15:18 of 3rd period - Snap shot by Matt Frattin.
15:18 of 3rd period - Stopped by Brad Thiessen with a rebound.
15:28 of 3rd period - Jared Boll is hit by Sergei Kostitsyn and loses puck.
16:25 of 3rd period - Sergei Kostitsyn is hit by Mattias Ekholm and loses puck.
17:19 of 3rd period - Mattias Ekholm is hit by Martin Marincin and loses puck.
17:54 of 3rd period - Snap shot by Peter Mueller.
17:54 of 3rd period - Stopped by Jeff Frazee without a rebound.
17:55 of 3rd period - Cody Hodgson wins face-off versus Kyle Turris in Senators zone.
17:55 of 3rd period - Cody Hodgson is hit by Kyle Turris.
18:01 of 3rd period - Zach Boychuk is hit by Stanislav Chistov and loses puck.
18:22 of 3rd period - Slapshot by Richard Jackman.
18:22 of 3rd period - Shot Blocked by Nick Bjugstad.
18:24 of 3rd period - Snap shot by Matt Lashoff.
18:24 of 3rd period - Stopped by Jeff Frazee without a rebound.
18:25 of 3rd period - Jonathan Marchessault wins face-off versus Mark Olver in Senators zone.
18:26 of 3rd period - Slapshot by Vojtech Polak.
18:26 of 3rd period - Shot Misses the Net.
18:57 of 3rd period - Wrist shot by Nick Bjugstad.
18:57 of 3rd period - Stopped by Brad Thiessen with a rebound.
19:12 of 3rd period - Icing by Derek Dorsett.
19:13 of 3rd period - Peter Mueller wins face-off versus Cody Hodgson in Sewer Rats zone.
19:13 of 3rd period - Peter Mueller is hit by Stanislav Chistov.
19:47 of 3rd period - Minor Penalty to Milan Jurcina for Slashing.
19:48 of 3rd period - Kyle Turris wins face-off versus Sergei Kostitsyn in Senators zone.
Goals for this period are 0 for Sewer Rats vs 2 for Senators.
Shots for this period are 7 for Sewer Rats vs 7 for Senators.
Back to the Top